 Dungeon Crawl Stone Soup version 0.29-a0-344-ge2f44be95a (webtiles) character file.

Game seed: 6576404644100649186

1008 Enlil the Covert (level 8, -6/57 HPs)
             Began as a Vampire Enchanter on Apr 22, 2022.
             Mangled by an ogre
             ... wielding a +0 giant club
              (22 damage)
             ... on level 5 of the Dungeon.
             The game lasted 00:26:00 (4972 turns).

Enlil the Covert (Vampire Enchanter)                Turns: 4972, Time: 00:26:01

Health: -6/57      AC:  4    Str:  7    XL:     8   Next: 1%
Magic:  5/11       EV: 12    Int: 12    God:
Gold:   363        SH:  0    Dex: 17    Spells: 2/11 levels left

rFire   . . .      SeeInvis +   a - +2 dagger (drain)
rCold   + . .      Faith    .   (no shield)
rNeg    . . .      Spirit   .   f - +1 leather armour
rPois   +          Reflect  .   (no helmet)
rElec   .          Harm     .   (no cloak)
rCorr   .          Rampage  .   (no gloves)
Will    .....                   (no boots)
Stlth   +++++.....              (no amulet)
HPRegen 0.39/turn               h - ring of flight
MPRegen 0.12/turn               b - ring of Fixation {+Blink Fly rPois rC+ Int-5 Stlth+}

@: confusing by touch, flying, healing quickly, invisible
A: alive, fangs 3, see invisible, vampiric 2
a: Exsanguinate, Evoke Blink


You were on level 5 of the Dungeon.
You visited 1 branch of the dungeon, and saw 5 of its levels.

You collected 363 gold pieces.

Inventory:

Hand Weapons
 a - a +2 dagger of draining (weapon)
 l - a +2 dagger of venom
Armour
 f - a +1 leather armour (worn)
Magical Staves
 k - a staff of fire
Jewellery
 b - the ring of Fixation (right hand) {+Blink Fly rPois rC+ Int-5 Stlth+}
   (You found it on level 3 of the Dungeon)

   [ring of protection from cold]

   Int:       It affects your intelligence (-5).
   rC:        It protects you from cold.
   rPois:     It protects you from poison.
   Fly:       It grants you flight.
   +Blink:    It lets you blink.
   Stlth:     It makes you more stealthy.
 h - a ring of flight (left hand)
Wands
 p - a wand of polymorph (11)
 r - a wand of flame (24)
Scrolls
 g - 2 scrolls of silence
 m - 4 scrolls of identify
 o - a scroll of teleportation
Potions
 c - a potion of invisibility
 d - 3 potions of lignification
 e - a potion of attraction
 i - a potion of cancellation
 j - 2 potions of degeneration {unknown}
 n - a potion of berserk rage {unknown}
 q - 2 potions of curing {unknown}


   Skills:
 + Level 2.4 Fighting
 + Level 4.1 Short Blades
 + Level 3.4 Armour
 + Level 3.3 Dodging
 + Level 9.7 Stealth
 + Level 2.2 Spellcasting
 + Level 5.0 Hexes
 + Level 0.4 Summonings


You had 2 spell levels left.
You knew the following spells:

 Your Spells              Type           Power      Damage    Failure   Level
a - Ensorcelled Hibernat  Hex/Ice        14%        N/A       21%         2
b - Confusing Touch       Hex            13%        N/A       14%         3
c - Summon Small Mammal   Summ           8%         N/A       32%         1
d - Tukima's Dance        Hex            13%        N/A       14%         3

Your spell library contained the following spells:

 Spells                   Type           Power      Damage    Failure   Level
 Magic Dart               Conj           4%         1d3       36%         1
 Call Imp                 Summ           2%         N/A       43%         2
 Summon Guardian Golem    Hex/Summ       8%         N/A       36%         3
 Dazzling Flash           Conj/Hex       14%        N/A       38%         3
 Call Canine Familiar     Summ           2%         N/A       67%         3
 Mephitic Cloud           Conj/Pois/Air  1%         N/A       75%         3
 Passage of Golubria      Tloc           1%         N/A       98%         4
 Yara's Violent Unravell  Hex/Tmut       3%         3d4       98%         5


Dungeon Overview and Level Annotations

Branches:
Dungeon (5/15)             Temple (0/1) D:4

Altars:
Ashenzari
Gozag
Kikubaaqudgha
Makhleb
Trog

Shops:
D:1 :   D:4 [


Innate Abilities, Weirdness & Mutations

Your natural rate of healing is accelerated.
You have razor-sharp teeth.
You have supernaturally acute eyesight. (SInv)
You are afflicted with vampirism and can become a bat while bloodless.


Message History

You are very lightly contaminated with residual magic.
Nothing appears to happen.
The orc hits you but does no damage.
You hit the orc but do no damage.
The orc is heavily wounded.
You hit the orc.
You kill the orc!
Things that are here:
a +0 dagger; a +0 robe; an orc corpse
Items here: )) [ ††.
Okay, then.
You start resting.
Your magical contamination has completely faded away.
You start resting.
Magic restored.
You start waiting.
Done waiting.
Found a scale mail.
You see here a +0 scale mail.
Things that are here:
a +0 dagger; a +0 robe You reach down and open the door.
An ogre comes into view. It is wielding a +0 giant club.
The ogre shouts!
Found 17 stones and 16 gold pieces.
There is an open door here.
You barely miss the ogre. The ogre closely misses you.
There is an open door here.
Casting: Confusing Touch (dangerous; 14% risk of failure)
Confirm with . or Enter, or press ? or * to list all spells.
Your hands begin to glow red.
The ogre barely misses you.
You hit the ogre but do no damage. Your punch misses the ogre.
The ogre hits you with a +0 giant club!!
You hit the ogre but do no damage.
Casting: Confusing Touch (dangerous; 14% risk of failure)
Confirm with . or Enter, or press ? or * to list all spells.
Your hands begin to glow brighter.
The ogre hits you with a +0 giant club!
* * * LOW HITPOINT WARNING * * *
You fade into invisibility!
The ogre hits you with a +0 giant club!!
You die...

#### #.##....#.###.## #..
# #.##.##...# #.# ##. #
#........## #.# #. #
####...#### #+## ## #
#....#.# #...## # #
#.##...# #$....# ## #
#.##.### ##....(.. ##.
#########.#...####........
####..
.......)........@O........
+.....
#########.#...####........
####.. ### #.##.##
##....... #####. ..#
###.####### #.....# #.....
#.# #.).......# #...##
#.#### #.# #.#.#####.#
#'## #.# ## ..# #.....#
#.# #.# #.# #. ### #.....#
#.# #.# #.# #. #
#.....###.######.## #.###.


You could see an ogre (can't see you).

Vanquished Creatures
  Sigmund (D:4)
  Eustachio (D:4)
  Menkaure (D:4)
  A phantom (D:4)
  2 necrophages (D:5)
  An orc priest (D:3)
  A hound (D:5)
  2 jellies
  2 iguanas
  Natasha (D:1)
  4 orc wizards
  3 adders
  A dart slug (D:4)
  13 orcs
  2 endoplasms
  A giant cockroach (D:3)
  10 goblins
  9 hobgoblins
  7 kobolds
  3 quokkas
  12 ball pythons
  2 bats (D:1)
  A frilled lizard (D:1)
  6 rats
87 creatures vanquished.

Vanquished Creatures (collateral kills)
  A dart slug (D:2)
1 creature vanquished.

Grand Total: 88 creatures vanquished

Notes
Turn   | Place    | Note
-------+----------+-------------------------------------------
     0 | D:1      | Enlil the Vampire Enchanter began the quest for the Orb.
     0 | D:1      | Reached XP level 1. HP: 13/13 MP: 3/3
    13 | D:1      | Found Pahov's Book Emporium.
    63 | D:1      | Found a faded altar of an unknown god.
   204 | D:1      | Reached XP level 2. HP: 10/19 MP: 5/5
   243 | D:1      | Learned a level 2 spell: Ensorcelled Hibernation
   740 | D:1      | Reached skill level 5 in Hexes
  1158 | D:2      | Reached skill level 5 in Stealth
  1163 | D:2      | Gained mutation: You are afflicted with vampirism and can
                  | become a bat while bloodless. [Vampire growth]
  1163 | D:2      | Reached XP level 3. HP: 22/24 MP: 6/6
  1644 | D:2      | Noticed Natasha
  1737 | D:1      | Killed Natasha
  1859 | D:2      | Reached XP level 4. HP: 22/31 MP: 7/7
  1865 | D:2      | Reached skill level 1 in Armour
  1871 | D:2      | Learned a level 3 spell: Confusing Touch
  1927 | D:2      | Learned a level 1 spell: Summon Small Mammal
  2114 | D:3      | Identified the ring of Fixation {+Blink Fly rPois rC+ Int-5
                  | Stlth+}
  2165 | D:3      | Reached skill level 1 in Fighting
  2378 | D:3      | Reached XP level 5. HP: 37/37 MP: 8/8
  2455 | D:3      | Found a bloodstained altar of Trog.
  2913 | D:3      | Found an opulent altar of Gozag.
  3006 | D:3      | Reached skill level 6 in Stealth
  3130 | D:4      | Noticed Menkaure
  3135 | D:4      | Killed Menkaure
  3136 | D:4      | Reached XP level 6. HP: 43/43 MP: 9/9
  3140 | D:4      | Learned a level 3 spell: Tukima's Dance
  3207 | D:4      | Found a staircase to the Ecumenical Temple.
  3251 | D:4      | Noticed Sigmund
  3258 | D:4      | Killed Sigmund
  3259 | D:4      | Reached skill level 7 in Stealth
  3322 | D:4      | Found Fazihifag's Antique Armour Shoppe.
  3326 | D:4      | Noticed Eustachio
  3331 | D:4      | Killed Eustachio
  3332 | D:4      | Reached skill level 8 in Stealth
  3332 | D:4      | Reached XP level 7. HP: 49/49 MP: 10/10
  3648 | D:4      | Found an ancient bone altar of Kikubaaqudgha.
  3648 | D:4      | Found a broken altar of Ashenzari.
  3792 | D:4      | Found a burning altar of Makhleb.
  3937 | D:5      | Entered Level 5 of the Dungeon
  4332 | D:5      | Reached skill level 9 in Stealth
  4707 | D:5      | Reached XP level 8. HP: 54/57 MP: 7/11
  4972 | D:5      | Mangled by an ogre

Illustrated notes

Levels and vault maps discovered:
D:1:      psy_arrival_whirlpool, layout_basic, serial_shops,
          nicolae_diamond_shop, dreamdust_ecumenical_altar_angels_and_demons,
          minmay_tetromino_s2
D:2:      layout_basic, uniq_natasha
D:3:      layout_loops_ring, trog_three_pillars_becter, grunt_gozag_breadcrumbs,
          roderic_roman_lattice
D:4:      layout_loops_cross, gammafunk_temple_overflow_statue,
          old_standard_altar, minmay_temple_entry_water_ring, serial_shops,
          shop_fountains, uniq_sigmund, uniq_menkaure, uniq_eustachio
D:5:      layout_loops_corners

Skill      XL: |  1  2  3  4  5  6  7 |
---------------+----------------------+-----
Hexes          | 5 |  5.0
Stealth        | 5 6 8 9 |  9.7
Short Blades   | 2 3 4 |  4.1
Armour         | 1 2 3 |  3.4
Fighting       | 1 2 |  2.4
Dodging        | 3 |  3.3
Spellcasting   | |  2.2
Summonings     | |  0.4

Action                   |  1- 3 |  4- 6 |  7- 9 || total
-------------------------+-------+-------+-------++-------
Melee: Dagger            |    93 |    89 |    73 ||   255
       Bite              |     8 |     3 |     9 ||    20
       Punch             |       |     2 |     1 ||     3
 Cast: Summon Small Mamm |       |     1 |       ||     1
       Confusing Touch   |       |       |     4 ||     4
  Use: Scroll            |     8 |     2 |     2 ||    12
       Potion            |     1 |     1 |     1 ||     3
 Stab: Sleeping          |     6 |    10 |    12 ||    28
       Distracted        |     1 |       |       ||     1
       Confused          |       |       |     1 ||     1
Armor: Robe              |     1 |       |       ||     1
       Leather armour    |    21 |    11 |    15 ||    47
Dodge: Dodged            |    43 |    31 |    28 ||   102

Table legend: (Time is in decaauts)
 A = Elapsed time spent in this place.
 B = Non-inter-level travel time spent in this place.
 C = Inter-level travel time spent in this place.
 D = Time resting spent in this place.
 E = Time spent auto-exploring this place.
 F = Levels seen in this place.
 G = Mean time per level.
                   A        B        C        D        E       F      G
               +--------+--------+--------+--------+--------+-----+--------+
         Total |   4991 |   4991 |      0 |    758 |   2276 |   5 |  998.2 |
       Dungeon |   4991 |   4991 |      0 |    758 |   2276 |   5 |  998.2 |
               +--------+--------+--------+--------+--------+-----+--------+

Top non-repeatable levels by time:
     D:1: 1276 daAuts
     D:3: 1046 daAuts
     D:5: 1025 daAuts
     D:2: 839 daAuts
     D:4: 803 daAuts
